 Dungeon Crawl Stone Soup version 0.19-a0-1079-g88a7474 (webtiles) character file.

44 hairmachine the Sneak (level 3, -4/16 HPs)
             Began as a Spriggan Enchanter on Aug 6, 2016.
             Killed from afar by Sigmund (10 damage)
             ... with a wand of flame
             ... on level 2 of the Dungeon.
             The game lasted 00:08:11 (1889 turns).

hairmachine the Sneak (Spriggan Enchanter)          Turns: 1889, Time: 00:08:12

Health: -4/16      AC:  3    Str:  4    XL:     3   Next: 39%
Magic:  1/8        EV: 18    Int: 16    God:
Gold:   80         SH:  0    Dex: 17    Spells: 2 memorised, 4 levels left

rFire  . . .     SeeInvis +     n - +1 dagger (holy)
rCold  . . .     Gourm    .     b - +1 robe
rNeg   . . .     Faith    .     (shield restricted)
rPois  .         Spirit   .     (helmet restricted)
rElec  .         Dismiss  .     (no cloak)
rCorr  .         Reflect  .     (gloves unavailable)
SustAt .         Harm     .     (boots unavailable)
MR     .....                    (no amulet)
Stlth  +++.......               (no ring)
                                (no ring)

@: very quick
A: unfitting armour, see invisible, herbivore 3, speed 3, slow metabolism 2
a: no special abilities


You were on level 2 of the Dungeon.
You were not hungry.

You visited 1 branch of the dungeon, and saw 2 of its levels.

You collected 80 gold pieces.

Inventory:

Hand Weapons
 n - a +1 dagger of holy wrath (weapon)
Missiles
 j - 2 throwing nets (quivered)
Armour
 b - a +1 robe (worn)
Wands
 o - a wand of enslavement (4/24)
Scrolls
 f - a scroll of blinking {unknown}
 h - a scroll of enchant armour {unknown}
 i - a scroll of recharging {unknown}
 k - a scroll of amnesia {unknown}
 l - a scroll of random uselessness {unknown}
 m - a scroll of identify {unknown}
 p - a scroll of magic mapping {unknown}
Potions
 g - a potion of invisibility {unknown}
Books
 c - a book of Maledictions

   Spells                             Type                      Level
   a - Corona                         Hexes                        1
   b - Ensorcelled Hibernation        Hexes/Ice                    2
   c - Confuse                        Hexes                        3
   d - Tukima's Dance                 Hexes                        3
   e - Dazzling Spray                 Conjuration/Hexes            3
Comestibles
 a - a meat ration
 d - 3 bread rations


   Skills:
 - Level 1.5 Short Blades
 - Level 3.0 Dodging
 + Level 5.2 Stealth
 - Level 2.6 Spellcasting
 * Level 4.7 Hexes


You had 4 spell levels left.
You knew the following spells:

 Your Spells              Type           Power        Failure   Level  Hunger
a - Corona                Hex            ###....      3%          1    #......
b - Ensorcelled Hibernat  Hex/Ice        #.....       12%         2    ##.....


Dungeon Overview and Level Annotations

Branches:
Dungeon (2/15)

Altars:

Annotations:
D:2 Ijyb, Robin, Sigmund, Terence


Innate Abilities, Weirdness & Mutations

You are tiny and cannot use many weapons and most armour.
You have supernaturally acute eyesight. (SInv)
You are a herbivore.
You cover ground extremely quickly.
You need consume almost no food.


Message History

Ijyb hits you but does no damage.
You closely miss Ijyb.
Ijyb is lightly wounded.
Ijyb barely misses you.
You hit Ijyb but do no damage.
Ijyb is lightly wounded.
Ijyb hits you with an antimagic dagger.
As you read the scroll of teleportation, it crumbles to dust.
You feel strangely unstable. Ijyb barely misses you.
Your magical contamination has completely faded away.
You start resting.
Your surroundings suddenly seem different.
A goblin comes into view. It is wielding a club.
The goblin shouts!
Sigmund closely misses you.
You barely miss Sigmund.
Sigmund whispers, "You'll know eternity soon."
Sigmund zaps a wand.
The puff of flame hits you!
Ouch! That really hurt!
You die...

#.......!.....
#..>..@.......
#.............
#...(.........
#.............
#...g#########
####.........##......##
#...g.....##.......
#.....@@..##.....(#
#.<.)....[....##[.....#
#.............##......#
#.............##......###
#####.........##........#
#.........##........#
#.........###.......#
######...## #.......#
##...# #.......#


You could see Sigmund and 2 goblins.

Vanquished Creatures
  An ooze (D:2)
  A dart slug (D:2)
  A giant gecko (D:1)
  A giant cockroach (D:1)
  7 goblins
  A hobgoblin (D:1)
  8 jackals
  3 bats (D:1)
  3 giant newts (D:1)
  4 kobolds
  5 rats
35 creatures vanquished.

Notes
Turn   | Place    | Note
-------+----------+-------------------------------------------
     0 | D:1      | hairmachine the Spriggan Enchanter began the quest for the Orb.
     0 | D:1      | Reached XP level 1. HP: 9/9 MP: 5/5
   506 | D:1      | Reached XP level 2. HP: 9/13 MP: 4/6
   609 | D:1      | Learned a level 2 spell: Ensorcelled Hibernation
  1396 | D:2      | Noticed Sigmund
  1407 | D:2      | Noticed Robin
  1569 | D:2      | Reached XP level 3. HP: 16/16 MP: 5/8
  1682 | D:2      | Reached skill level 5 in Stealth
  1834 | D:2      | Noticed Ijyb
  1838 | D:2      | Noticed Terence
  1889 | D:2      | Killed from afar by Sigmund

Vault maps used:
D:1:      dpeg_arrival_stonehenge_12_columns
D:2:      minitemple, roderic_ancient_swastika, uniq_sigmund, uniq_terence,
          uniq_crazy_yiuf_cottage, uniq_robin, uniq_iyjb

Skill      XL: |  1  2  3 |
---------------+----------+-----
Hexes          | 4 |  4.7
Stealth        | 5 |  5.2
Short Blades   | |  1.5
Dodging        | |  3.0
Spellcasting   | |  2.6

Action                   || total
-------------------------++-------
Melee: Dagger            ||   123
 Cast: Corona            ||    12
       Ensorcelled Hiber ||    18
  Use: Scroll            ||     2
 Stab: Sleeping          ||    21
Armor: Robe              ||    17
Dodge: Dodged            ||    87
